General information
- name: BNet
- type: Ladder team game (AT/RT)
- host: Battle.net
- saver: Betrayer
map: MarketSquare
- players: 8
- length: 18:29
- speed: Fast
- version: 1.27 W3XP
- replay type: Public
» download(143 KB)
Players
team 1 (loser)

»
Fillmorebutts (
green | 80 APM | 1486 actions | 18:28)
4 Tauren Chieftain
2 War Stomp
2 Endurance Aura
» actions
| Assign group hotkey | 32 | |
| Basic commands | 12 | |
| Build / train | 61 | |
| ESC pressed | 3 | |
| Enter build submenu | 26 | |
| Enter hero's abilities submenu | 4 | |
| Right click | 651 | |
| Select / deselect | 216 | |
| Select group hotkey | 415 | |
| Use ability | 66 | |
1486 total
» units
| Peon | 18 | |
| Grunt | 7 | |
| Demolisher | 1 | |
| Tauren | 5 | |
| Troll Batrider | 3 | |
34 total
» upgrades
| Melee Weapons | 2 | |
| Armor | 2 | |
| Berserker Strength | 1 | |
| Pulverize | 1 | |
6 total
» buildings
| Altar of Storms | 1 | |
| Orc Burrow | 6 | |
| Barracks | 1 | |
| War Mill | 1 | |
| Voodoo Lounge | 2 | |
| Stronghold | 1 | |
| Watch Tower | 10 | |
| Great Hall | 1 | |
| Fortress | 1 | |
| Tauren Totem | 2 | |
| Beastiary | 2 | |
28 total
» build order
00:21 Altar of Storms
00:39 Orc Burrow
00:55 Barracks
01:23 War Mill
02:05 Orc Burrow
02:18 Voodoo Lounge
03:13 Orc Burrow
05:13 Stronghold
05:48 Watch Tower
05:50 Watch Tower
06:42 Great Hall
06:46 Watch Tower
06:48 Watch Tower
07:04 Orc Burrow
08:08 Watch Tower
08:13 Watch Tower
08:57 Fortress
10:06 Watch Tower
10:09 Watch Tower
10:14 Watch Tower
10:18 Orc Burrow
10:42 Watch Tower
11:19 Tauren Totem
11:21 Tauren Totem
12:01 Orc Burrow
12:07 Voodoo Lounge
12:54 Beastiary
13:00 Beastiary
» items
| Healing Salve | 2 | |
| Lesser Clarity Potion | 2 | |
| Scroll of Town Portal | 2 | |
| Potion of Healing | 1 | |
| Potion of Lesser Invulnerability | 1 | |
| Scroll of Protection | 1 | |
| Scroll of Speed | 1 | |
10 total

»
BIGDADDY537 (
orange | 60 APM | 1076 actions | 17:50)
3 Mountain King
2 Storm Bolt
1 Bash
1 Archmage
1 Blizzard
» actions
| Assign group hotkey | 33 | |
| Basic commands | 48 | |
| Build / train | 71 | |
| Enter build submenu | 39 | |
| Enter hero's abilities submenu | 4 | |
| Right click | 247 | |
| Select / deselect | 190 | |
| Select group hotkey | 384 | |
| Use ability | 60 | |
1076 total
» units
| Peasant | 31 | |
| Rifleman | 12 | |
| Mortar Team | 4 | |
47 total
» upgrades
| Gunpowder | 2 | |
| Armor | 1 | |
| Lumber Harvesting | 1 | |
| Long Rifles | 1 | |
5 total
» buildings
| Altar of Kings | 1 | |
| Farm | 13 | |
| Blacksmith | 1 | |
| Lumber Mill | 1 | |
| Scout Tower | 9 | |
| Barracks | 3 | |
| Arcane Vault | 1 | |
| Town Hall | 2 | |
| Guard Tower | 5 | |
| Keep | 1 | |
| Workshop | 2 | |
39 total
» build order
00:12 Altar of Kings
00:17 Farm
00:30 Blacksmith
00:49 Farm
01:18 Lumber Mill
01:39 Scout Tower
01:53 Farm
02:08 Barracks
02:18 Scout Tower
02:34 Arcane Vault
03:19 Farm
03:58 Town Hall
04:06 Town Hall
04:15 Farm
04:28 Farm
04:43 Guard Tower
05:27 Scout Tower
05:43 Keep
05:54 Farm
05:57 Farm
06:22 Barracks
06:26 Barracks
06:40 Farm
06:42 Scout Tower
08:26 Workshop
08:44 Guard Tower
09:26 Workshop
11:24 Scout Tower
11:26 Scout Tower
11:57 Guard Tower
12:01 Scout Tower
13:07 Guard Tower
13:08 Scout Tower
13:14 Farm
13:41 Guard Tower
13:42 Farm
14:12 Scout Tower
14:45 Farm
15:41 Farm
» items
| Scroll of Regeneration | 2 | |
| Lesser Clarity Potion | 2 | |
| Potion of Healing | 1 | |
| Scroll of Town Portal | 2 | |
7 total
DubNation (
red | 57 APM | 1014 actions | 17:51)
3 Blademaster
2 Wind Walk
1 Critical Strike
1 Shadow Hunter
1 Hex
» actions
| Assign group hotkey | 11 | |
| Build / train | 38 | |
| Enter build submenu | 26 | |
| Enter hero's abilities submenu | 4 | |
| Right click | 678 | |
| Select / deselect | 193 | |
| Select group hotkey | 20 | |
| Use ability | 44 | |
1014 total
» units
| Peon | 11 | |
| Grunt | 3 | |
| Wind Rider | 2 | |
| Shaman | 4 | |
20 total
» upgrades
| Ranged Weapons | 1 | |
| Armor | 1 | |
| Spiked Barricades | 1 | |
| Shaman Training | 2 | |
| Envenomed Spears | 1 | |
| Reinforced Defenses | 1 | |
7 total
» buildings
| Altar of Storms | 1 | |
| Orc Burrow | 6 | |
| Barracks | 1 | |
| Voodoo Lounge | 1 | |
| War Mill | 1 | |
| Watch Tower | 9 | |
| Stronghold | 1 | |
| Beastiary | 2 | |
| Spirit Lodge | 1 | |
| Fortress | 1 | |
| Great Hall | 2 | |
26 total
» build order
00:12 Altar of Storms
00:22 Orc Burrow
00:53 Barracks
01:30 Voodoo Lounge
01:48 War Mill
02:23 Orc Burrow
03:33 Watch Tower
04:05 Stronghold
04:18 Orc Burrow
05:15 Orc Burrow
05:22 Watch Tower
06:18 Watch Tower
06:33 Beastiary
07:13 Beastiary
08:01 Spirit Lodge
08:07 Watch Tower
08:55 Fortress
11:28 Orc Burrow
12:49 Great Hall
12:54 Watch Tower
12:56 Watch Tower
13:31 Orc Burrow
14:20 Great Hall
14:23 Watch Tower
14:37 Watch Tower
15:31 Watch Tower
» items
| Healing Salve | 2 | |
| Lesser Clarity Potion | 1 | |
3 total
inoob (
purple | 49 APM | 862 actions | 17:45)
4 Death Knight
2 Death Coil
1 Unholy Aura
1 Death Pact
2 Dreadlord
1 Sleep
1 Vampiric Aura
» actions
| Assign group hotkey | 58 | |
| Build / train | 48 | |
| Enter build submenu | 11 | |
| Enter hero's abilities submenu | 6 | |
| Give item / drop item | 1 | |
| Remove unit from queue | 5 | |
| Right click | 290 | |
| Select / deselect | 140 | |
| Select group hotkey | 270 | |
| Use ability | 33 | |
862 total
» units
| Acolyte | 3 | |
| Ghoul | 2 | |
| Crypt Fiend | 13 | |
| Necromancer | 3 | |
21 total
» upgrades
| Creature Attack | 2 | |
| Creature Carapace | 2 | |
| Web | 1 | |
| Necromancer Training | 1 | |
| Skeletal Longevity | 1 | |
7 total
» buildings
| Graveyard | 1 | |
| Crypt | 1 | |
| Altar of Darkness | 1 | |
| Ziggurat | 5 | |
| Tomb of Relics | 1 | |
| Halls of the Dead | 1 | |
| Temple of the Damned | 1 | |
| Black Citadel | 1 | |
| Nerubian Tower | 1 | |
| Spirit Tower | 1 | |
14 total
» build order
00:10 Graveyard
00:15 Crypt
00:49 Altar of Darkness
01:03 Ziggurat
01:33 Ziggurat
01:45 Tomb of Relics
03:16 Ziggurat
04:12 Halls of the Dead
05:17 Ziggurat
07:04 Temple of the Damned
09:31 Black Citadel
09:34 Ziggurat
10:34 Nerubian Tower
10:36 Spirit Tower
» items
| Rod of Necromancy | 1 | |
| Scroll of Town Portal | 1 | |
| Dust of Appearance | 1 | |
3 total
team 2 (winner)
TekK (
yellow | 58 APM | 1066 actions | 18:29)
5 Death Knight
3 Death Coil
2 Unholy Aura
4 Lich
2 Frost Nova
2 Frost Armor
» actions
| Assign group hotkey | 15 | |
| Basic commands | 20 | |
| Build / train | 44 | |
| Enter build submenu | 18 | |
| Enter hero's abilities submenu | 9 | |
| Right click | 692 | |
| Select / deselect | 170 | |
| Select group hotkey | 51 | |
| Use ability | 47 | |
1066 total
» units
| Acolyte | 2 | |
| Ghoul | 6 | |
| Crypt Fiend | 7 | |
| Frost Wyrm | 4 | |
19 total
» upgrades
| Creature Attack | 3 | |
| Creature Carapace | 3 | |
| Web | 1 | |
| Freezing Breath | 1 | |
8 total
» buildings
| Crypt | 1 | |
| Graveyard | 1 | |
| Ziggurat | 8 | |
| Altar of Darkness | 1 | |
| Tomb of Relics | 1 | |
| Halls of the Dead | 1 | |
| Black Citadel | 1 | |
| Sacrificial Pit | 1 | |
| Boneyard | 2 | |
| Nerubian Tower | 2 | |
19 total
» build order
00:23 Crypt
00:29 Graveyard
00:41 Ziggurat
01:03 Altar of Darkness
01:16 Ziggurat
02:05 Tomb of Relics
02:43 Ziggurat
03:57 Halls of the Dead
04:35 Ziggurat
06:25 Black Citadel
06:57 Sacrificial Pit
07:05 Ziggurat
09:07 Boneyard
09:12 Boneyard
09:51 Ziggurat
12:51 Ziggurat
14:03 Nerubian Tower
14:04 Nerubian Tower
16:02 Ziggurat
» items
| Rod of Necromancy | 1 | |
| Scroll of Town Portal | 1 | |
2 total
YouGame (
pink | 82 APM | 1524 actions | 18:29)
5 Dark Ranger
3 Black Arrow
2 Silence
3 Death Knight
2 Death Coil
1 Unholy Aura
» actions
| Assign group hotkey | 40 | |
| Basic commands | 168 | |
| Build / train | 78 | |
| Enter build submenu | 23 | |
| Enter hero's abilities submenu | 8 | |
| Right click | 410 | |
| Select / deselect | 330 | |
| Select group hotkey | 430 | |
| Use ability | 37 | |
1524 total
» units
| Acolyte | 8 | |
| Ghoul | 4 | |
| Crypt Fiend | 8 | |
| Abomination | 6 | |
26 total
» upgrades
| Web | 1 | |
| Unholy Armor | 3 | |
| Disease Cloud | 1 | |
| Unholy Strength | 3 | |
| Cannibalize | 1 | |
| Destroyer Form | 1 | |
10 total
» buildings
| Crypt | 1 | |
| Altar of Darkness | 1 | |
| Ziggurat | 10 | |
| Graveyard | 2 | |
| Tomb of Relics | 2 | |
| Halls of the Dead | 3 | |
| Spirit Tower | 12 | |
| Nerubian Tower | 4 | |
| Necropolis | 2 | |
| Black Citadel | 2 | |
| Slaughterhouse | 3 | |
| Sacrificial Pit | 1 | |
43 total
» build order
00:19 Crypt
00:21 Altar of Darkness
00:33 Ziggurat
00:56 Graveyard
01:11 Tomb of Relics
02:03 Ziggurat
04:11 Ziggurat
05:12 Ziggurat
05:20 Ziggurat
05:21 Ziggurat
05:29 Halls of the Dead
05:29 Halls of the Dead
05:41 Ziggurat
06:27 Spirit Tower
06:27 Spirit Tower
06:27 Spirit Tower
06:30 Spirit Tower
06:30 Spirit Tower
06:30 Spirit Tower
06:53 Nerubian Tower
07:03 Spirit Tower
08:23 Necropolis
08:26 Tomb of Relics
08:29 Necropolis
08:32 Black Citadel
08:32 Black Citadel
09:00 Slaughterhouse
09:02 Slaughterhouse
09:08 Slaughterhouse
09:57 Ziggurat
09:59 Ziggurat
10:00 Ziggurat
10:17 Nerubian Tower
10:19 Nerubian Tower
11:54 Spirit Tower
11:55 Spirit Tower
11:55 Spirit Tower
12:12 Spirit Tower
12:55 Graveyard
13:32 Sacrificial Pit
» items
| Sacrificial Skull | 1 | |
| Scroll of Town Portal | 1 | |
2 total
Betrayer (
blue | 66 APM | 1229 actions | 18:29)
7 Blademaster
3 Wind Walk
3 Critical Strike
1 Bladestorm
» actions
| Assign group hotkey | 27 | |
| Basic commands | 18 | |
| Build / train | 57 | |
| Enter build submenu | 36 | |
| Enter hero's abilities submenu | 7 | |
| Give item / drop item | 1 | |
| Remove unit from queue | 3 | |
| Right click | 615 | |
| Select / deselect | 205 | |
| Select group hotkey | 132 | |
| Use ability | 128 | |
1229 total
» units
» upgrades
| Reinforced Defenses | 1 | |
| Ranged Weapons | 2 | |
| Armor | 2 | |
| Liquid Fire | 1 | |
| Envenomed Spears | 1 | |
7 total
» buildings
| Orc Burrow | 4 | |
| Altar of Storms | 1 | |
| Barracks | 1 | |
| Voodoo Lounge | 1 | |
| War Mill | 2 | |
| Stronghold | 1 | |
| Watch Tower | 18 | |
| Great Hall | 1 | |
| Fortress | 1 | |
| Beastiary | 3 | |
33 total
» build order
00:12 Orc Burrow
00:57 Orc Burrow
01:10 Altar of Storms
01:11 Barracks
02:19 Voodoo Lounge
02:49 War Mill
03:33 Stronghold
04:10 Watch Tower
04:21 Watch Tower
05:15 Great Hall
05:30 Watch Tower
05:30 Watch Tower
05:30 Watch Tower
07:03 Orc Burrow
07:11 Orc Burrow
08:33 Fortress
08:44 Watch Tower
10:26 Watch Tower
10:26 Watch Tower
10:28 Watch Tower
10:28 Watch Tower
10:29 Watch Tower
10:32 Watch Tower
13:15 Beastiary
13:17 Beastiary
13:26 Beastiary
13:40 War Mill
13:55 Watch Tower
14:22 Watch Tower
16:41 Watch Tower
16:42 Watch Tower
16:44 Watch Tower
16:48 Watch Tower
» items
| Healing Salve | 1 | |
| Periapt of Vitality | 2 | |
| Staff of Teleportation | 1 | |
4 total

»
JONNY-TRUE-LOVE (
teal | 56 APM | 1041 actions | 18:29)
4 Blood Mage
2 Flame Strike
2 Siphon Mana
» actions
| Assign group hotkey | 58 | |
| Basic commands | 20 | |
| Build / train | 71 | |
| Enter build submenu | 29 | |
| Enter hero's abilities submenu | 4 | |
| Give item / drop item | 1 | |
| Right click | 438 | |
| Select / deselect | 202 | |
| Select group hotkey | 148 | |
| Use ability | 70 | |
1041 total
» units
| Peasant | 23 | |
| Footman | 3 | |
| Flying Machine | 7 | |
| Spell Breaker | 5 | |
| Priest | 1 | |
39 total
» upgrades
| Gunpowder | 2 | |
| Plating | 2 | |
| Control Magic | 1 | |
| Flak Cannons | 1 | |
| Flying Machine Bombs | 1 | |
7 total
» buildings
| Altar of Kings | 1 | |
| Barracks | 1 | |
| Farm | 9 | |
| Lumber Mill | 1 | |
| Town Hall | 1 | |
| Scout Tower | 4 | |
| Arcane Tower | 2 | |
| Guard Tower | 2 | |
| Keep | 1 | |
| Blacksmith | 1 | |
| Arcane Vault | 1 | |
| Castle | 1 | |
| Workshop | 5 | |
| Arcane Sanctum | 3 | |
33 total
» build order
00:09 Altar of Kings
00:23 Barracks
00:29 Farm
00:42 Farm
01:46 Farm
05:09 Lumber Mill
05:32 Town Hall
05:39 Scout Tower
06:01 Scout Tower
06:05 Scout Tower
06:07 Arcane Tower
06:30 Guard Tower
06:32 Arcane Tower
06:39 Scout Tower
08:10 Keep
08:14 Farm
09:01 Farm
09:05 Blacksmith
09:10 Farm
10:30 Guard Tower
10:40 Arcane Vault
10:45 Castle
11:02 Workshop
11:04 Workshop
11:10 Workshop
11:31 Arcane Sanctum
12:05 Arcane Sanctum
12:10 Arcane Sanctum
12:18 Workshop
12:22 Workshop
13:16 Farm
13:37 Farm
14:49 Farm
» items
| Scroll of Town Portal | 2 | |
| Lesser Clarity Potion | 3 | |
| Mechanical Critter | 1 | |
| Potion of Mana | 2 | |
| Potion of Healing | 2 | |
| Potion of Invisibility | 1 | |
| Potion of Lesser Invulnerability | 1 | |
| Orb of Fire | 1 | |
| Scroll of Regeneration | 1 | |
14 total
Chat log
(00:14 / Allies) JONNY-TRUE-LOVE: WHO CAN I FEED
(00:47 / Allies) JONNY-TRUE-LOVE: WHICH UNDEAD
(00:48 / Allies) YouGame: whoever u want
(00:48 / Allies) JONNY-TRUE-LOVE: DO I FEED
(00:56 / Allies) TekK: fiend wyrm eventually
(01:03 / Allies) YouGame: k feed him
(01:05 / Allies) YouGame: ill get dest
(01:27 / Allies) YouGame: blue what u getting?
(01:32 / Allies) Betrayer: bats wyvs
(01:40 / Allies) YouGame: we need meat
(01:45 / Allies) YouGame: cant have all ai
(01:46 / Allies) YouGame: r
(01:53 / Allies) YouGame: ill get aboms then?
(02:22 / Allies) TekK: the clan im in
(02:30 / All) inoob: i need win
(02:32 / Allies) JONNY-TRUE-LOVE: WANT TO SEE HOW U GET LEVEL 2
(02:35 / Allies) JONNY-TRUE-LOVE: QUICK WITH HUMAN?
(02:56 / Allies) TekK: how baby?
(03:23 / Allies) TekK: 100 g plz
(03:43 / Allies) JONNY-TRUE-LOVE: ..
(03:45 / Allies) JONNY-TRUE-LOVE: WHY WOULD I
(03:46 / Allies) JONNY-TRUE-LOVE: TAKE
(04:51 / Allies) JONNY-TRUE-LOVE: ASK IF U NEED GOLD OR WOOD GUYS
(05:05 / Allies) Betrayer: lil of both
(07:34 / Allies) YouGame: damn bm
(09:22 / Allies) JONNY-TRUE-LOVE: PINK
(09:23 / Allies) JONNY-TRUE-LOVE: UR FIENDS
(09:30 / Allies) YouGame: i know
(09:34 / Allies) YouGame: waiting for hero
(10:08 / Allies) YouGame: upgrade
(10:55 / Allies) Betrayer: lawl teal
(11:12 / Allies) YouGame: remeber i hope we have despell
(11:16 / Allies) YouGame: cuz im not getting dest
(11:17 / Allies) Betrayer: lumber
(11:18 / Allies) YouGame: im getting aboms
(11:35 / Allies) JONNY-TRUE-LOVE: GG
(11:36 / Allies) TekK: gold
(11:36 / Allies) TekK: for tp
(11:37 / Allies) JONNY-TRUE-LOVE: TP
(11:38 / Allies) JONNY-TRUE-LOVE: TP
(11:56 / Allies) Betrayer: I need lumber
(12:49 / Allies) JONNY-TRUE-LOVE: WOOD ME PLS
(13:23 / Allies) JONNY-TRUE-LOVE: CHECK
(13:23 / Allies) JONNY-TRUE-LOVE: PLS
(14:39 / Allies) Betrayer: lumber?
(14:42 / Allies) JONNY-TRUE-LOVE: HELP
(14:54 / Allies) TekK: im here bb
(15:06 / Allies) Betrayer: lumber?
(15:08 / Allies) Betrayer: lumber?
(15:15 / Allies) TekK: when can we end this
(15:17 / Allies) TekK: this is boring
(15:22 / Allies) YouGame: im rdy
(17:23 / Allies) JONNY-TRUE-LOVE: WOOD PLS
(17:33 / All) inoob: this is hopeless game
(17:36 / All) JONNY-TRUE-LOVE: LOL
(17:41 / All) YouGame: gg
(17:43 / All) inoob: teal you suck tho lol
(17:54 / All) TekK: THANKS
(17:54 / All) TekK: EZ
(18:01 / All) Fillmorebutts: if you ever get bigdaddy on tyour team just leave
(18:14 / All) Fillmorebutts: ever see the movie Radio with the retard on the basketball team?
(18:20 / All) TekK: I THINK HE'S A GOOD PLAYER
(18:21 / All) Fillmorebutts: this was like that except my team lost